 Dungeon Crawl Stone Soup version 0.31-a0-1278-g11c5b68f87 (webtiles) character file.

Game seed: 16702684089164212089

25 grandjackal the Slasher (level 2, 0/25 HPs)
             Began as a Draconian Gladiator on Dec 17, 2023.
             Slain by Natasha (7 damage)
             ... on level 2 of the Dungeon.
             The game lasted 00:01:22 (1117 turns).

grandjackal the Slasher (Draconian Gladiator)       Turns: 1117, Time: 00:01:22

Health: 0/25       AC:  5    Str: 16    XL:     2   Next: 86%
Magic:  2/2        EV: 12    Int:  8    God:
Gold:   59         SH:  0    Dex: 12    Spells: 1/1 levels left

rFire   . . .        a - +0 long sword
rCold   . . .        (no shield)
rNeg    . . .        (body armour unavailable)
rPois   .            b - +0 hat
rElec   .            (no cloak)
rCorr   .            o - +0 pair of gloves
SInv    .            (no boots)
Will    .....        (no amulet)
Stlth   +            (no ring)
HPRegen 0.24/turn    (no ring)
MPRegen 0.08/turn

%: no passive effects
@: no status effects
A: AC +4, unfitting armour, cold-blooded
a: no special abilities


You were on level 2 of the Dungeon.
You visited 1 branch of the dungeon, and saw 2 of its levels.

You collected 59 gold pieces.

Inventory:

Hand Weapons
 a - a +0 long sword (weapon)
Missiles
 c - 3 throwing nets (quivered)
 d - a javelin
 q - 4 poisoned darts
Armour
 b - a +0 hat (worn)
 o - a +0 pair of gloves (worn)
Scrolls
 e - a scroll of fog {unknown}
 f - a scroll of identify {unknown}
 g - a scroll of immolation {unknown}
 i - a scroll of teleportation {unknown}
 j - a scroll of poison {unknown}
 k - a scroll of vulnerability {unknown}
 m - a scroll of enchant weapon {unknown}
 p - a scroll of amnesia {unknown}
 r - a scroll of noise {unknown}
Potions
 h - a potion of attraction {unknown}
 l - a potion of might {unknown}
 n - 4 potions of curing {unknown}


   Skills:
 + Level 2.8 Fighting
 + Level 3.3 Long Blades
 - Level 2.0 Throwing
 + Level 3.0 Dodging


You had one spell level left.
You didn't know any spells.
Your spell library contained the following spells:

 Spells                   Type           Power      Damage    Failure   Level
 Ensorcelled Hibernation  Hex/Ice        0%         N/A       54%         2
 Jinxbite                 Hex            0%         N/A       54%         2
 Ozocubu's Armour         Ice            0%         N/A       78%         3
 Anguish                  Hex/Necr       0%         N/A       99%         4
 Ozocubu's Refrigeration  Ice            0%         4d7       100%        7


Dungeon Overview and Level Annotations

Branches:
Dungeon (2/15)

Altars:

Annotations:
D:2 Natasha


Innate Abilities, Weirdness & Mutations

Your plain brown scales are hard. (AC +4)
You cannot fit into any form of body armour.
You are cold-blooded and may be slowed by cold attacks.


Message History

The cerulean imp hits you but does no damage.
Natasha closely misses you.
You barely miss Natasha. The cerulean imp closely misses you.
Natasha zaps a wand.
The puff of flame misses you.
The puff of flame hits the cerulean imp.
The cerulean imp completely misses you. Natasha claws you but does no damage.
You closely miss Natasha.
Your tail-slap misses Natasha.
The cerulean imp misses you.
Natasha zaps a wand.
The puff of flame hits you.
You barely miss Natasha. Natasha misses you.
The cerulean imp hits you but does no damage.
You closely miss Natasha. The cerulean imp misses you.
Natasha mumbles some strange words.
You feel disoriented. Natasha claws you but does no damage.
You barely miss Natasha.
The cerulean imp hits you with a +1 spear.
* * * LOW HITPOINT WARNING * * *
Natasha barely misses you.
You closely miss Natasha.
The cerulean imp hits you but does no damage.
Natasha barely misses you. Natasha misses you.
The cerulean imp closely misses you.
You hit Natasha.
Natasha is moderately wounded.
The cerulean imp hits you but does no damage.
Natasha completely misses you.
You hit Natasha but do no damage.
Your tail-slap misses Natasha.
Natasha is moderately wounded.
The cerulean imp misses you.
Natasha zaps a wand.
The puff of flame misses you.
The puff of flame hits the cerulean imp!
The cerulean imp dies!
The cerulean imp disappears in a puff of smoke!
You slash Natasha!
Natasha is severely wounded.
Natasha claws you but does no damage.
You miss Natasha.
Natasha is severely wounded.
Natasha claws you!
You die...
Natasha curls up and begins to purr.

#. ### .. .>.
#. #.# #.# #.#
#.# #h# #.#
~≈≈≈......#
#@# #.#
≈..~.......#
#.# #.#
#..........#
#§# #.#
#..........#
#.# #.#
#..........#
#.# #.#
#..........#
#.# #.#
#........†.#
#.# #.#
#..........#
#.# #.#
###..........#
#.# #.######


You could see Natasha.

Vanquished Creatures
  A worm (D:2)
  A dart slug (D:1)
  3 bats (D:2)
  2 endoplasms
  A giant cockroach (D:1)
  2 hobgoblins (D:2)
  2 kobolds
  A quokka (D:2)
  3 ball pythons
  A frilled lizard (D:2)
  A goblin (D:1)
  2 rats (D:2)
20 creatures vanquished.

Notes
Turn   | Place    | Note
-------+----------+-------------------------------------------
     0 | D:1      | grandjackal the Draconian Gladiator began the quest for the
                  | Orb.
     0 | D:1      | Reached XP level 1. HP: 17/17 MP: 1/1
   259 | D:1      | You fall into a shaft and drop 1 floor!
   357 | D:2      | Reached XP level 2. HP: 5/25 MP: 2/2
  1098 | D:2      | Noticed Natasha
  1117 | D:2      | Slain by Natasha

Illustrated notes

Levels and vault maps discovered:
D:1:      lightli_arrival_chessboard, layout_basic, minmay_misc_feat_roman
D:2:      layout_basic, serial_rivers, chequers_serial_rivers_micro_e,
          chequers_serial_rivers_small_3, chequers_serial_rivers_micro_c,
          chequers_serial_rivers_small_a, minmay_misc_feat_four_crosses,
          guppyfry_early_lair_pool, uniq_natasha

Skill      XL: |  1  2 |
---------------+-------+-----
Throwing       | 2 |  2.0
Dodging        | 3 |  3.0
Fighting       | |  2.8
Long Blades    | |  3.3

Action                     || total
---------------------------++-------
  Melee: Long sword        ||    96
         Tailslap          ||     9
         Punch             ||     1
   Stab: Sleeping          ||     1
 Armour: Skin              ||    81
  Dodge: Dodged            ||    87

Table legend: (Time is in decaauts)
 A = Elapsed time spent in this place.
 B = Non-inter-level travel time spent in this place.
 C = Inter-level travel time spent in this place.
 D = Time resting spent in this place.
 E = Time spent auto-exploring this place.
 F = Levels seen in this place.
 G = Mean time per level.
                   A        B        C        D        E       F      G
               +--------+--------+--------+--------+--------+-----+--------+
         Total |   1145 |   1125 |     20 |    134 |    672 |   2 |  572.5 |
       Dungeon |   1145 |   1125 |     20 |    134 |    672 |   2 |  572.5 |
               +--------+--------+--------+--------+--------+-----+--------+

Top non-repeatable levels by time:
     D:2: 590 daAuts
     D:1: 555 daAuts
